 Dungeon Sprint DCSS version 0.22-a0-422-g9628fc87f1 (webtiles) character file.

1192 Denreik the Unseen (level 8, -1/56 HPs)
             Began as a Formicid Hunter on May 19, 2018.
             Was an Initiate of Dithmenos.
             Slain by a deep troll (8 damage)
             ... in the Dungeon (Sprint I: "Red Sonja").
             The game lasted 00:09:49 (1135 turns).

Denreik the Unseen (Formicid Hunter)                Turns: 1135, Time: 00:09:49

Health: -1/56      AC:  8    Str: 20    XL:     8   Next: 71%
Magic:  8/8        EV: 12    Int: 10    God:    Dithmenos [......]
Gold:   231        SH:  0    Dex: 11    Spells: 7/7 levels left

rFire    . . .     SeeInvis +   s - +0 scythe (protect) {@w1}
rCold    . . .     Gourm    .   (no shield)
rNeg     . . .     Faith    .   m - +0 leather armour
rPois    .         Spirit   .   (helmet unavailable)
rElec    .         Reflect  .   q - +2 cloak
rCorr    .         Harm     .   d - +1 pair of gloves
MR       .....                  (no boots)
Stlth    ++++++....             (no amulet)
HPRegen  0.18/turn              (no ring)
MPRegen  0.11/turn              (no ring)

@: no status effects
A: permanent stasis, dig shafts and tunnels, four strong arms, antennae 3
a: Dig, Renounce Religion


You were in the Dungeon.
You worshipped Dithmenos.
Dithmenos was noncommittal.
You were hungry.

You visited 1 branch You collected 567 gold pieces.
You spent 336 gold pieces at shops.

Inventory:

Hand Weapons
 a - a +1 short sword of venom
 b - a +0 blowgun
 s - a +0 scythe of protection (weapon) {@w1}
 t - a +0 short sword
Missiles
 c - 2 javelins (quivered)
 u - 5 curare-tipped needles
Armour
 d - a +1 pair of gloves (worn)
 m - a +0 leather armour (worn)
 q - a +2 cloak (worn)
Wands
 l - a wand of random effects (51)
Scrolls
 k - a scroll of blinking
 o - a scroll of immolation {unknown}
Potions
 e - a potion of curing
 g - a potion of heal wounds
 h - a potion of haste
 i - 2 potions of magic
 j - a potion of berserk rage
 n - a potion of resistance {unknown}
 p - 2 potions of invisibility {unknown}
 r - a potion of degeneration {unknown}
Comestibles
 f - a ration


   Skills:
 * Level 2.1 Fighting
 + Level 12.9 Short Blades
 - Level 4.0 Throwing
 - Level 1.7 Dodging
 - Level 15.1 Stealth


You had 7 spell levels left.
You didn't know any spells.
Your spell library was empty.

Dungeon Overview and Level Annotations

Branches:
Dungeon (1/1)

Altars:
Cheibriados
Dithmenos
Elyvilon
Fedhas
Gozag
Hepliaklqana
Kikubaaqudgha
Makhleb
Nemelex Xobeh
Okawaru
Qazlal
Ru
Sif Muna
Trog
Uskayaw
Vehumet
Wu Jian
Xom
Yredelemnul
Zin
The Shining One
Jiyva
Lugonu

Shops:
D *[


Innate Abilities, Weirdness & Mutations

You cannot be hasted, slowed, berserked, paralysed or teleported.
You can dig through walls and to a lower floor.
Your four strong arms can wield two-handed weapons with a shield.
You have a pair of large antennae on your head. (SInv)


Message History

You shoot a curare-tipped needle.
The curare-tipped needle hits the deep troll.
The deep troll is poisoned.
The deep troll convulses.
The deep troll seems to slow down.
The deep troll is moderately wounded.
The deep troll barely misses you. The deep troll claws you.
The deep troll closely misses you.
There is an open door here.
Wield which item (- for none, * to show all)? (? for menu, Esc to quit)
Your +0 scythe of protection {@w1} hums with potential!
s - a +0 scythe of protection (weapon)
{@w1} You barely miss the deep troll.
The deep troll is moderately wounded.
The deep troll closely misses you. x2; The deep troll barely misses you.
You barely miss the deep troll.
The deep troll is heavily wounded.
The deep troll bites you!
* * * LOW HITPOINT WARNING * * *
The deep troll claws you!
You die...

######################
#<.#..@T(#.['..#__#..+
#..').#.)'..#..'^.'..#
#..#####'#####'#__####{
#..####..#...#.####
#..#__####..##.#§§§§c
#..#_____##'#_.+§≈≈.§
#⌠⌠#_.∩...'..._#§§≈.c
###._..__##_.#'# +#
#..#_____###(#(#


You could see a deep troll.

Vanquished Creatures
  Sonja (D)
  A slime creature (D)
  Sigmund (D)
  A yak (D)
  An ogre (D)
  A jelly (D)
  Ijyb (D)
7 creatures vanquished.

Vanquished Creatures (others)
  A gargoyle (D)
  3 hornets (D)
4 creatures vanquished.

Grand Total: 11 creatures vanquished

Notes
Turn   | Place    | Note
-------+----------+-------------------------------------------
     0 | D        | Denreik the Formicid Hunter began the quest for the Orb.
     0 | D        | Reached XP level 1. HP: 16/16 MP: 1/1
     1 | D        | Noticed Ijyb
    43 | D        | Killed Ijyb
    43 | D        | Reached skill level 7 in Stealth
    43 | D        | Reached XP level 2. HP: 1/22 MP: 2/2
    43 | D        | Reached XP level 3. HP: 2/27 MP: 3/3
   320 | D        | Noticed an ogre
   332 | D        | Killed an ogre
   332 | D        | Reached skill level 11 in Stealth
   332 | D        | Reached XP level 4. HP: 33/33 MP: 4/4
   332 | D        | Reached XP level 5. HP: 38/38 MP: 5/5
   336 | D        | Noticed Sigmund
   342 | D        | Killed Sigmund
   342 | D        | Reached skill level 15 in Stealth
   342 | D        | Reached XP level 6. HP: 33/44 MP: 6/6
   370 | D        | Killed a hornet
   448 | D        | Found an ornate altar of the Wu Jian Council.
   448 | D        | Found a deep blue altar of Sif Muna.
   450 | D        | Found a radiant altar of Vehumet.
   580 | D        | Killed a hornet
   695 | D        | Found Gewiqaid's Armour Emporium.
   695 | D        | Found an ancient bone altar of Kikubaaqudgha.
   695 | D        | Found a hazy altar of Hepliaklqana.
   695 | D        | Found a stormy altar of Qazlal.
   695 | D        | Found a hide-covered altar of Uskayaw.
   695 | D        | Found a blossoming altar of Fedhas.
   695 | D        | Found a bloodstained altar of Trog.
   695 | D        | Found an iron altar of Okawaru.
   695 | D        | Found a basalt altar of Yredelemnul.
   695 | D        | Found a glowing golden altar of the Shining One.
   695 | D        | Found a snail-covered altar of Cheibriados.
   695 | D        | Found a sacrificial altar of Ru.
   695 | D        | Found a glowing silver altar of Zin.
   695 | D        | Found a shadowy altar of Dithmenos.
   695 | D        | Found a white marble altar of Elyvilon.
   695 | D        | Noticed a yak
   696 | D        | Found an opulent altar of Gozag.
   700 | D        | Killed a yak
   700 | D        | Reached XP level 7. HP: 24/50 MP: 7/7
   701 | D        | Found a sparkling altar of Nemelex Xobeh.
   709 | D        | Killed a gargoyle
   868 | D        | Became a worshipper of Dithmenos the Shadowed
   908 | D        | Bought a +2 cloak for 198 gold pieces
   926 | D        | Found a burning altar of Makhleb.
   926 | D        | Found a viscous altar of Jiyva.
   926 | D        | Found a shimmering altar of Xom.
   926 | D        | Found a corrupted altar of Lugonu.
   926 | D        | Noticed a slime creature
   930 | D        | Killed a slime creature
   958 | D        | Bought a +1 pair of gloves for 138 gold pieces
   969 | D        | Noticed Sonja
   973 | D        | Killed Sonja
   973 | D        | Reached XP level 8. HP: 56/56 MP: 8/8
  1051 | D        | Found Limacsu's General Store.
  1085 | D        | Killed a hornet
  1100 | D        | Noticed a centaur warrior
  1100 | D        | Noticed a centaur warrior
  1106 | D        | Noticed a deep troll
  1135 | D        | Slain by a deep troll

Vault maps used:
D:        dungeon_sprint_1

Skill      XL: |  1  2  3  4  5  6  7 |
---------------+----------------------+-----
Stealth        | 7 11 15 | 15.1
Short Blades   | 7 12 | 12.9
Fighting       | |  2.1
Throwing       | |  4.0
Dodging        | |  1.7

Action                   |  1- 3 |  4- 6 |  7- 9 || total
-------------------------+-------+-------+-------++-------
Melee: Short sword       |    47 |     8 |     4 ||    59
       Scythe            |       |     4 |     2 ||     6
 Fire: Blowgun           |       |       |     2 ||     2
Throw: Throwing net      |     2 |       |       ||     2
       Javelin           |       |       |     4 ||     4
 Abil: Dig               |       |       |     1 ||     1
 Stab: Sleeping          |     1 |     2 |     2 ||     5
       Held in net/web   |     1 |       |       ||     1
Armor: Leather armour    |     6 |     1 |     1 ||     8
Dodge: Dodged            |    21 |     5 |     7 ||    33

Table legend:
 A = Spawn XP
 B = Non-spawn XP
 C = Spawn XP percentage of total XP
 D = Spawn monster count
 E = Non-spawn monster count
 F = Spawn count percentage of total count
 G = Total turns spent on level
                    A         B        C        D         E        F      G
               +---------+---------+-------+---------+---------+-------+---------
         Total |       0 |    1703 |   0.0 |       0 |       7 |   0.0 |  1135
               +---------+---------+-------+---------+---------+-------+---------
             D |       0 |    1703 |   0.0 |       0 |       7 |   0.0 |  1135
               +---------+---------+-------+---------+---------+-------+---------
